 Dungeon Crawl Stone Soup version 0.28-a0-1429-gf3d713df7a (webtiles) character file.

Game seed: 3141367405140675954

80232 Froggeryz the Ripper (level 15, -4/76 HPs)
             Began as a Felid Berserker on Jan 7, 2022.
             Was a High Priest of Trog.
             Slain by a wolf spider (9 damage)
             ... on level 2 of the Spider Nest on Jan 8, 2022.
             The game lasted 00:48:24 (39302 turns).

Froggeryz the Ripper (Felid Berserker)             Turns: 39302, Time: 00:48:25

Health: -4/76      AC:  3    Str: 13    XL:     15   Next: 23%
Magic:  12/16      EV: 41    Int: 11    God:    Trog [*****.]
Gold:   1685       SH:  5    Dex: 27    Spells: 14/14 levels left
                                        Lives:  0   Deaths: 4

rFire   . . .      SeeInvis +     - Unarmed
rCold   + . .      Faith    .   (shield unavailable)
rNeg    . . .      Spirit   .   (armour unavailable)
rPois   .          Reflect  +   (helmet unavailable)
rElec   .          Harm     .   (cloak unavailable)
rCorr   .          Rampage  .   (gloves unavailable)
Will    ++++.                   (boots unavailable)
Stlth   +++++++...              F - amulet of reflection
HPRegen 1.22/turn               M - +4 ring of protection
MPRegen 0.15/turn               w - +6 ring of dexterity

@: lethally poisoned (-4 -> -30), strong-willed, corroded, regenerating,
studying 2 skills, quick
A: very small, claws 1, fangs 3, see invisible, speed 1, shaggy fur 3, stealthy
paws, no weapons or thrown items, no armour, multi-lived
a: Renounce Religion, Berserk, Trog's Hand, Brothers in Arms


You were on level 2 of the Spider Nest.
You worshipped Trog.
Trog was extremely pleased with you.
You visited 5 branches of the dungeon, and saw 26 of its levels.
You also visited: Bailey.

You collected 2937 gold pieces.
You spent 1252 gold pieces at shops.

Inventory:

Jewellery
 e - a ring of flight
 m - a ring of protection from cold
 s - a ring of fire
 w - a +6 ring of dexterity (right paw)
 B - a ring of resist corrosion
 F - an amulet of reflection (around neck)
 M - a +4 ring of protection (left paw)
 Q - a ring of positive energy
 R - a ring of willpower
 S - an amulet of the acrobat
Wands
 k - a wand of polymorph (20)
 l - a wand of charming (9)
 n - a wand of flame (44)
 r - a wand of acid (36)
 A - a wand of paralysis (7)
 I - a wand of digging (13)
 J - a wand of mindburst (23)
 P - a wand of iceblast (11)
Scrolls
 b - 2 scrolls of identify
 c - 10 scrolls of teleportation
 h - 3 scrolls of holy word
 j - 6 scrolls of fear
 q - 6 scrolls of noise
 u - a scroll of vulnerability {unknown}
 v - 7 scrolls of blinking
 y - 5 scrolls of fog
 D - 5 scrolls of magic mapping
 G - 4 scrolls of immolation
 H - 2 scrolls of summoning
 K - 3 scrolls of torment
Potions
 a - 5 potions of flight
 d - a potion of invisibility {unknown}
 f - 2 potions of attraction {unknown}
 g - 2 potions of might
 i - 6 potions of lignification
 o - 4 potions of haste
 p - 5 potions of cancellation
 t - 7 potions of curing
 z - a potion of magic {unknown}
 C - 5 potions of mutation
 E - 3 potions of heal wounds
 N - a potion of berserk rage
 O - a potion of brilliance {unknown}
 T - 3 potions of resistance
 U - a potion of degeneration {unknown}


   Skills:
 + Level 14.8 Fighting
 + Level 18.9 Dodging
 + Level 17.0 Stealth
 * Level 20.6 Unarmed Combat


You had 14 spell levels left.
You didn't know any spells.
Your spell library was empty.

Dungeon Overview and Level Annotations

Branches:
Dungeon (15/15)            Temple (0/1) D:7            Lair (6/6) D:8
  Snake (1/4) Lair:4       Spider (2/4) Lair:2        Slime (0/5) Lair:6
    Orc (2/2) D:10            Elf (0/3) Orc:2        Vaults (0/5) D:14
 Depths (0/4) D:15         Bailey (visited)

Altars:
Cheibriados
Sif Muna
Trog
Vehumet
Zin
Beogh
Jiyva

Shops:
D:7 [   Orc:2 :(?**[*

Annotations:
Spider:2 Asterion


Innate Abilities, Weirdness & Mutations

You have sharp claws.
You have razor-sharp teeth.
You have supernaturally acute eyesight. (SInv)
You cover ground quickly. (Speed+)
Your thick and shaggy fur keeps you warm. (AC +3, rC+)
Your paws help you pounce on unaware monsters.
You are incapable of wielding weapons or throwing items.
You cannot wear armour.
You gain extra lives every three experience levels.


Message History

You block the culicivora's attack.
The orb spider spins a strand of pure energy.
The wolf spider completely misses you. The wolf spider misses you.
Asterion utters an invocation to Makhleb.
The culicivora misses you. The culicivora completely misses you.
You hear an angry hiss.
Your skin crawls.
You feel strong-willed.
You feel very sick. The wolf spider completely misses you.
The wolf spider bites you!
You are more poisoned.
The wolf spider poisons you! You block the culicivora's attack.
The culicivora completely misses you. The wolf spider completely misses you.
The wolf spider bites you!
You are lethally poisoned!
The wolf spider poisons you!
A wolf spider comes into view.
Your two-headed ogre goes berserk!
You feel extremely sick.
Asterion is caught in a web!
The wolf spider completely misses you. The wolf spider closely misses you.
A redback comes into view.
The culicivora completely misses you.
A ghost moth comes into view.
* * * LOW HITPOINT WARNING * * *
You feel extremely sick. The wolf spider completely misses you.
The wolf spider bites you!
* * * LOW HITPOINT WARNING * * *
Asterion pulls away from the web.
The ghost moth stares at you.
You feel your power leaking away.
The orb spider weaves a glowing orb of energy.
The ghost moth moves out of view.
An orb of destruction comes into view.
Okay, then.
You feel much better.
* * * LOW HITPOINT WARNING * * *
You feel extremely sick. The wolf spider misses you. The wolf spider bites you!
You die...

. ## . . #. #..##. #.
#.#...# #.#s..H#.. ####
.*#.^2... ##
####..####^.#..### ##.#
##....#.#.Os..B..s.
#..####.#.....#.@s.#^.#..
..###..#.........s#..#.#
...#.#......#..#.#s.....
...#.......#..#......#.#.
.#.#.<...##..#..#.##..s^.
†...#....####..##^.#.#.#.
#<...##.#..###.. #.....#
..........#.##.. ... .
......#.#..##.#^. .#.^


You could see Asterion (fast), an entropy weaver, a blizzard demon (summoned), 2
wolf spiders, an orb spider, 2 culicivoras, a tarantella, a redback and a
friendly two-headed ogre (summoned, berserk).

Vanquished Creatures
  Kirke (Lair:4)
  An emperor scorpion (Spider:1)
  2 ghost moths (Spider:1)
  An orc warlord (Orc:1)
  A broodmother (Spider:1)
  3 entropy weavers
  An ettin (D:10)
  Josephine (D:11)
  10 vault guards
  2 catoblepae
  An ogre mage (D:15)
  The ghost of hemabe71 the Charlatan, a journeyman HuAr of Trog (D:9)
  12 hydras
  5 boulder beetles
  A death knight (D:15)
  5 centaur warriors
  3 tengu warriors
  7 two-headed ogres
  4 death yaks
  Urug (Lair:5)
  An orc high priest (Orc:2)
  Nergalle (D:12)
  Sonja (Lair:4)
  2 pharaoh ants
  2 steelbarb worms (Spider:1)
  4 skeletal warriors
  2 phantasmal warriors (D:15)
  3 orb spiders (Spider:1)
  Pikel (D:5)
  2 wizards
  2 lindwurms
  11 ugly things
  3 deep elf pyromancers
  5 wolf spiders
  3 oklob plants (Lair:1)
  A necromancer (D:15)
  3 orc sorcerers
  A manticore (D:14)
  4 orc knights
  4 cyclopes
  7 black mambas
  A naga mage (D:15)
  19 cane toads
  A guardian serpent (Lair:6)
  11 elephants
  3 torpor snails
  3 gargoyles
  Psyche (D:9)
  2 unseen horrors (D:12)
  A rime drake (Lair:3)
  2 kobold demonologists (D:13)
  A yaktaur (D:15)
  2 demonic crawlers
  8 komodo dragons
  A freezing wraith (D:15)
  A tengu conjurer (D:14)
  10 polar bears
  6 trolls
  Grinder (D:5)
  3 meliai (Spider:1)
  3 tarantellas (Spider:1)
  4 blink frogs (Lair:3)
  14 slime creatures
  5 raiju (Lair:6)
  A harpy skeleton (D:15)
  4 dream sheep (Lair:5)
  15 jumping spiders
  A centaur simulacrum (D:15)
  Sigmund (D:5)
  7 culicivoras
  36 yaks
  9 wyverns
  10 humans
  24 redbacks
  4 wraiths (D:11)
  14 vampire mosquitoes
  2 hogs (Lair:4)
  5 basilisks
  2 nagas (Lair:4)
  3 acid dragons
  4 wargs
  21 water moccasins
  A floating eye (Lair:1)
  12 hell hounds (Lair:6)
  A sky beast (D:6)
  A meliai simulacrum (D:14)
  4 necrophages
  2 ice beasts
  13 black bears
  29 orc warriors
  10 ogres
  13 centaurs
  12 wolves (Lair:6)
  A lemure (D:5)
  4 kobold brigands (D:13)
  18 bullfrogs
  Blork the orc (Orc:2)
  A wyvern zombie (D:9)
  3 gnoll sergeants
  2 scorpions
  A water moccasin skeleton (D:4)
  3 wights (D:8)
  4 howler monkeys
  2 electric eels
  6 centaur zombies
  2 gnoll shamans
  A hound (D:6)
  15 orc priests
  A jelly (D:7)
  A bullfrog skeleton (D:7)
  An iguana (D:6)
  28 orc wizards
  A killer bee zombie (D:6)
  A howler monkey zombie (D:10)
  25 gnolls
  12 adders
  2 shadow imps
  A white imp (D:7)
  An ufetubus (D:5)
  A dart slug (D:2)
  94 orcs
  5 bats
  4 endoplasms
  A giant cockroach (D:3)
  10 goblins
  8 hobgoblins
  5 jackals
  3 quokkas
  8 ball pythons
  11 frilled lizards
  12 kobolds
  6 rats
  A spectral kobold (D:3)
797 creatures vanquished.

Vanquished Creatures (collateral kills)
  Rupert (Spider:1)
  A sun moth (Spider:1)
  A black mamba (Lair:6)
  A cane toad (Lair:6)
  3 hornets (Lair:6)
  A tarantella (Spider:1)
  A wyvern (Lair:6)
  A warg (Lair:6)
  3 water moccasins (Lair:6)
  A wolf (Lair:6)
14 creatures vanquished.

Vanquished Creatures (others)
  Prince Ribbit (Bailey)
  A redback (Spider:1)
  A kobold brigand (D:13)
  An orc wizard (D:6)
  An orc (Orc:2)
  18 fungi
  42 plants
65 creatures vanquished.

Grand Total: 876 creatures vanquished

Notes
Turn   | Place    | Note
-------+----------+-------------------------------------------
     0 | D:1      | Froggeryz the Felid Berserker began the quest for the Orb.
     0 | D:1      | Reached XP level 1. HP: 10/10 MP: 2/2
   468 | D:1      | Reached XP level 2. HP: 14/14 MP: 3/3
   938 | D:1      | Reached skill level 4 in Unarmed Combat
  1147 | D:1      | Reached ** piety under Trog
  1485 | D:2      | Reached XP level 3. HP: 15/17 MP: 4/4
  2307 | D:2      | Reached skill level 5 in Unarmed Combat
  2307 | D:2      | Reached XP level 4. HP: 21/21 MP: 5/5
  2744 | D:3      | Found a faded altar of an unknown god.
  2825 | D:3      | Reached XP level 5. HP: 22/24 MP: 6/6
  2895 | D:3      | Noticed a necrophage
  2909 | D:3      | Killed a necrophage
  2910 | D:3      | Reached skill level 5 in Dodging
  2910 | D:3      | Reached skill level 6 in Unarmed Combat
  3208 | D:4      | Noticed a necrophage
  3320 | D:4      | Killed a necrophage
  3321 | D:4      | Gained mutation: You are covered in thick fur. (AC +2)
                  | [Felid growth]
  3321 | D:4      | Reached XP level 6. HP: 27/28 MP: 7/7
  3465 | D:4      | Reached *** piety under Trog
  4063 | D:4      | Reached skill level 7 in Unarmed Combat
  4201 | D:5      | Entered Level 5 of the Dungeon
  4215 | D:5      | Reached XP level 7. HP: 21/31 MP: 8/8
  4810 | D:5      | Noticed Pikel
  4818 | D:5      | HP: 2/46 [Pikel (10)]
  4825 | D:5      | Killed Pikel
  4826 | D:5      | Reached skill level 8 in Unarmed Combat
  4826 | D:5      | Reached XP level 8. HP: 3/34 MP: 9/9
  5026 | D:5      | Reached skill level 9 in Unarmed Combat
  5144 | D:5      | Noticed Grinder
  5157 | D:5      | Killed Grinder
  5170 | D:5      | Succumbed to an adder's poison
  5171 | D:5      | Reached XP level 7. HP: 0/31 MP: 8/8
  5172 | D:5      | Noticed Sigmund
  5289 | D:5      | Reached skill level 10 in Unarmed Combat
  5289 | D:5      | Reached XP level 8. HP: 26/34 MP: 9/9
  5387 | D:5      | Killed Sigmund
  5508 | D:5      | Found a snail-covered altar of Cheibriados.
  6019 | D:6      | Noticed a two-headed ogre
  6030 | D:6      | Killed a two-headed ogre
  6031 | D:6      | Reached skill level 11 in Unarmed Combat
  6031 | D:6      | Reached XP level 9. HP: 39/39 MP: 10/10
  6035 | D:6      | Reached skill level 10 in Dodging
  7013 | D:7      | Reached **** piety under Trog
  7014 | D:7      | Found a staircase to the Ecumenical Temple.
  7155 | D:7      | Found a flagged portal.
  7171 | Bailey   | Entered a bailey
  7484 | Bailey   | Reached skill level 5 in Fighting
  7490 | Bailey   | Reached skill level 12 in Unarmed Combat
  7565 | Bailey   | Slain by a human
  7566 | Bailey   | Reached XP level 8. HP: -1/37 MP: 9/9
  7576 | Bailey   | Reached XP level 9. HP: 35/40 MP: 10/10
  7983 | Bailey   | Noticed a vault guard
  7986 | Bailey   | Noticed Prince Ribbit
  8008 | Bailey   | Your ally Prince Ribbit died
  8016 | Bailey   | Killed a vault guard
  8281 | Bailey   | Noticed a vault guard
  8292 | Bailey   | Killed a vault guard
  8592 | D:7      | Reached skill level 13 in Unarmed Combat
  8708 | D:7      | Reached XP level 10. HP: 46/46 MP: 11/11
  8890 | D:7      | Found Ciady's Armour Emporium.
  9418 | D:8      | Noticed a death yak
  9421 | D:8      | Noticed an elephant
  9438 | D:8      | Killed a death yak
  9444 | D:8      | Killed an elephant
  9577 | D:8      | Found a staircase to the Lair.
 10648 | D:9      | Found a runed translucent gate.
 10648 | D:9      | Found a runed translucent gate.
 10648 | D:9      | Found a runed translucent gate.
 10652 | D:9      | Noticed hemabe71's ghost (journeyman HuAr)
 10659 | D:9      | Found the +4 robe of Augmentation {Str+4 Int+4 Dex+4}
 10674 | D:9      | Killed hemabe71's ghost
 10851 | D:9      | Reached skill level 14 in Unarmed Combat
 10946 | D:9      | HP: 1/47 [acid dragon/splash of acid (28)]
 10949 | D:9      | Reached XP level 11. HP: 2/50 MP: 12/12
 11898 | D:9      | Noticed Psyche
 11915 | D:9      | Killed Psyche
 12266 | D:10     | Entered Level 10 of the Dungeon
 12425 | D:10     | Noticed a two-headed ogre
 12427 | D:10     | Noticed a four-headed hydra
 12436 | D:10     | Killed a two-headed ogre
 12445 | D:10     | Killed a four-headed hydra
 12655 | D:10     | Found a staircase to the Orcish Mines.
 13364 | D:10     | Reached ***** piety under Trog
 13954 | D:10     | Found a glowing silver altar of Zin.
 14161 | D:11     | Noticed a red ugly thing
 14169 | D:11     | Noticed a cyan ugly thing
 14177 | D:11     | Killed a red ugly thing
 14178 | D:11     | Reached skill level 1 in Stealth
 14178 | D:11     | Reached skill level 15 in Unarmed Combat
 14182 | D:11     | Killed a cyan ugly thing
 14448 | D:11     | Noticed a boulder beetle
 14457 | D:11     | Killed a boulder beetle
 14492 | D:11     | Noticed Josephine
 14522 | D:11     | Killed Josephine
 14636 | D:11     | Gained mutation: Your thick and shaggy fur keeps you warm.
                  | (AC +3, rC+) [Felid growth]
 14636 | D:11     | Reached XP level 12. HP: 56/56 MP: 13/13
 14854 | D:12     | Noticed Nergalle
 14861 | D:12     | Killed Nergalle
 15207 | D:12     | Reached skill level 5 in Stealth
 15607 | D:12     | Noticed a two-headed ogre
 15744 | D:12     | Killed a two-headed ogre
 15871 | D:12     | Noticed a boulder beetle
 15882 | D:12     | Killed a boulder beetle
 16469 | D:13     | Noticed a tengu warrior
 16471 | D:13     | Killed a tengu warrior
 16472 | D:13     | Reached skill level 16 in Unarmed Combat
 16490 | D:13     | Noticed a five-headed hydra
 16501 | D:13     | Noticed a centaur warrior
 16524 | D:13     | Killed a five-headed hydra
 17288 | D:13     | Noticed a centaur warrior
 17482 | D:13     | Killed a centaur warrior
 17502 | D:13     | Killed a centaur warrior
 18084 | D:13     | Noticed a six-headed hydra
 18086 | D:13     | Killed a six-headed hydra
 18087 | D:13     | Reached skill level 15 in Dodging
 18133 | D:13     | Reached skill level 10 in Fighting
 18133 | D:13     | Reached XP level 13. HP: 17/61 MP: 14/14
 19390 | D:13     | Upgraded the game from 0.28-a0-1412-gf95308ed99 to
                  | 0.28-a0-1429-gf3d713df7a
 19803 | D:14     | Found a gate to the Vaults.
 19827 | D:14     | Reached skill level 17 in Unarmed Combat
 20115 | Lair:1   | Entered Level 1 of the Lair of Beasts
 20870 | Lair:1   | HP: 4/93 [poisoned by a water moccasin]
 20874 | Lair:1   | Succumbed to a water moccasin's poison
 20875 | Lair:1   | Reached XP level 12. HP: 0/59 MP: 13/13
 20875 | Lair:1   | Noticed a five-headed hydra
 20879 | Lair:1   | Killed a five-headed hydra
 21307 | Lair:1   | Paralysed by a floating eye for 3 turns
 22285 | Lair:2   | Found a hole to the Spider Nest.
 22630 | Spider:1 | Entered Level 1 of the Spider Nest
 22704 | Lair:3   | Noticed an eight-headed hydra
 22724 | Lair:3   | Killed an eight-headed hydra
 22790 | Lair:3   | Reached XP level 13. HP: 47/63 MP: 14/14
 23168 | Lair:3   | Reached skill level 10 in Stealth
 23695 | Lair:4   | Noticed Sonja
 23700 | Lair:4   | Killed Sonja
 23791 | Lair:4   | Noticed Kirke
 24261 | Lair:4   | Found a staircase to the Snake Pit.
 24373 | Lair:4   | Reached skill level 18 in Unarmed Combat
 24711 | Lair:4   | Killed Kirke
 25539 | Lair:5   | Noticed Urug
 25548 | Lair:5   | Killed Urug
 25739 | Lair:5   | HP: 2/96 [boulder beetle (22)]
 26118 | Lair:5   | Reached XP level 14. HP: 60/68 MP: 15/15
 26575 | Lair:6   | Entered Level 6 of the Lair of Beasts
 27199 | Lair:6   | Identified a scroll of acquirement
 28142 | Lair:6   | Reached skill level 19 in Unarmed Combat
 28735 | Lair:6   | Found a viscous altar of Jiyva.
 28735 | Lair:6   | Found a staircase to the Slime Pits.
 29138 | Lair:6   | Acquired a manual of Fighting
 29307 | Orc:1    | Entered Level 1 of the Orcish Mines
 29935 | Orc:1    | Found a bloodstained altar of Trog.
 30293 | Orc:2    | Entered Level 2 of the Orcish Mines
 30310 | Orc:2    | Found Voecym's General Store.
 30486 | Orc:2    | Bought a scroll of immolation for 52 gold pieces
 30532 | Orc:2    | Found a staircase to the Elven Halls.
 30654 | Orc:2    | Found Hifabos's Assorted Antiques.
 30659 | Orc:2    | Bought a wand of digging (4) for 256 gold pieces
 30659 | Orc:2    | Bought a scroll of magic mapping for 112 gold pieces
 30670 | Orc:2    | Noticed an orc warlord
 30683 | Orc:2    | Found Wueding Hoef's Magic Scroll Shoppe.
 30686 | Orc:2    | Bought a scroll of acquirement for 624 gold pieces
 30686 | Orc:2    | Acquired a manual of Stealth
 30688 | Orc:2    | Bought a scroll of teleportation for 36 gold pieces
 30688 | Orc:2    | Bought a scroll of fog for 24 gold pieces
 30688 | Orc:2    | Bought a scroll of fear for 42 gold pieces
 30688 | Orc:2    | Bought a scroll of fog for 24 gold pieces
 30726 | Orc:2    | Found a shimmering blue altar of Sif Muna.
 31563 | Orc:2    | Reached ****** piety under Trog
 32182 | Orc:1    | Killed an orc warlord
 32485 | Orc:2    | Found Peluj's Antique Armour Boutique.
 32485 | Orc:2    | Noticed Blork the orc
 32511 | Orc:2    | Killed Blork the orc
 32676 | Orc:2    | Found Deelinie's Book Boutique.
 32832 | Orc:2    | Found Keommel's Antique Weapon Boutique.
 32846 | Orc:2    | Found Oluhafi's General Store.
 32854 | Orc:2    | Bought a scroll of identify for 30 gold pieces
 32854 | Orc:2    | Bought a scroll of immolation for 52 gold pieces
 32991 | Orc:1    | Reached XP level 15. HP: 73/73 MP: 16/16
 34646 | D:15     | Entered Level 15 of the Dungeon
 35128 | D:15     | Found a radiant altar of Vehumet.
 35171 | D:15     | Reached skill level 15 in Stealth
 35178 | D:15     | Found a staircase to the Depths.
 35199 | D:15     | Reached skill level 20 in Unarmed Combat
 36216 | Snake:1  | Entered Level 1 of the Snake Pit
 36740 | Spider:1 | Noticed an emperor scorpion
 37012 | Spider:1 | Slain by an entropy weaver
 37013 | Spider:1 | Reached XP level 14. HP: -2/72 MP: 15/15
 37015 | Spider:1 | Noticed a ghost moth
 37058 | Spider:1 | Noticed a broodmother
 37197 | Spider:1 | Killed a broodmother
 37213 | Spider:1 | Killed an emperor scorpion
 37464 | Spider:1 | HP: 3/108 [boulder beetle[a torpor snail] (23)]
 37958 | Spider:1 | Killed a ghost moth
 38280 | Spider:1 | Noticed Rupert
 38288 | Spider:1 | Killed Rupert
 38289 | Spider:1 | Reached XP level 15. HP: 71/76 MP: 16/16
 39296 | Spider:2 | Noticed Asterion
 39301 | Spider:2 | HP: 2/76 [wolf spider (13)]
 39302 | Spider:2 | Slain by a wolf spider

Illustrated notes

Levels and vault maps discovered:
D:1:      erik_arrival_orb_chamber, layout_basic, minmay_lizard_pond
D:2:      layout_loops_ring
D:3:      layout_basic, dreamdust_ecumenical_altar_drowned_temple
D:4:      layout_cave_pools, patterned_corridor
D:5:      layout_rooms, lemuel_tele_altar, uniq_sigmund, uniq_grinder,
          uniq_pikel
D:6:      minmay_general_purpose_star, layout_loops_corners, grunt_ministairs_9,
          minivault_14
D:7:      layout_basic, minmay_temple_entry_mist, enter_bailey_5, serial_shops,
          shop
D:8:      layout_basic, david_lair_generic, due_unseen_surprise
D:9:      layout_basic, ebering_ghost_rock_garden,
          eino_small_chamber_without_monster, uniq_psyche
D:10:     layout_long_grid, zin_treasury, david_orc_2, kennysheep_generic_room_2
D:11:     layout_long_grid, uniq_josephine
D:12:     layout_irregular_city, uniq_nergalle
D:13:     layout_cave_pools
D:14:     layout_layer_cave, erik_vaults_2, nrook_mini_backslash, hive_lemuel
D:15:     grunt_enter_depths_magical_seal, layout_irregular_city,
          vehumet_crystals
Lair:1:   layout_cellular_growth, disabler_island, grunt_megastairs_5
Lair:2:   hellmonk_destroyed_diamonds, layout_regular_city,
          spider_nest_entry_funnel_web
Lair:3:   layout_gridlike
Lair:4:   layout_regular_city, guppyfry_snake_entry_garden,
          grunt_forest_small_clearing_treed, uniq_kirke, uniq_sonja
Lair:5:   layout_cave_pods, grunt_megastairs_2, lemuel_fruit_tree,
          serial_bayou_shore_b, uniq_urug
Lair:6:   hangedman_lair_tendril_chambers, layout_regular_city,
          hangedman_lair_caniforms_friends, dpeg_slime_entry_enclosed_altar
Snake:1:  layout_grid_maze, gammafunk_ghost_necromancy, evilmike_ambush
          [evilmike_ambush_outer_basic, evilmike_ambush_inner_basic]
Spider:1: layout_spider_delve, uniq_rupert
Spider:2: layout_spider_delve, uniq_asterion
Orc:1:    layout_caves, basic_altar
Orc:2:    grunt_orc_cross, layout_diamond_mine, serial_shops, shop,
          nicolae_square_shop, nicolae_shop_behind_doors, led_sif_book

Skill      XL: |  1  2  3  4  5  6  7  8  9 10 11 12 13 14 15 |
---------------+----------------------------------------------+-----
Unarmed Combat | 4 5 6 7 10 11 13 14 15 16 18 19 20 | 20.6
Dodging        | 5 6 7 9 11 12 13 16 17 18 | 18.9
Fighting       | 4 6 7 8 10 11 12 14 | 14.8
Stealth        | 3 7 11 16 17 | 17.0

Action                   |  1- 3 |  4- 6 |  7- 9 | 10-12 | 13-15 || total
-------------------------+-------+-------+-------+-------+-------++-------
Melee: Unarmed           |   109 |   138 |   362 |   720 |  1543 ||  2872
       Bite              |     6 |    14 |    34 |   111 |   205 ||   370
       Punch             |     3 |     2 |    37 |    85 |   250 ||   377
Invok: Berserk           |     1 |     5 |     9 |    15 |    31 ||    61
       Trog's Hand       |       |       |     3 |     3 |    14 ||    20
       Brothers in Arms  |       |       |       |       |     3 ||     3
Evoke: Wand              |       |       |     5 |     6 |     3 ||    14
  Use: Potion            |       |       |     2 |       |     2 ||     4
       Scroll            |       |       |       |       |    25 ||    25
 Stab: Sleeping          |     3 |     4 |     2 |     9 |    41 ||    59
       Distracted        |       |       |     1 |     2 |     4 ||     7
       Paralysed         |       |       |       |     2 |       ||     2
Armor: Skin              |     2 |     2 |    11 |    19 |    62 ||    96
Dodge: Dodged            |    73 |   118 |   328 |   662 |  1496 ||  2677
Block: Other             |       |       |       |   101 |   255 ||   356
       Reflection        |       |       |       |     5 |     9 ||    14

Table legend: (Time is in decaauts)
 A = Elapsed time spent in this place.
 B = Non-inter-level travel time spent in this place.
 C = Inter-level travel time spent in this place.
 D = Time resting spent in this place.
 E = Time spent auto-exploring this place.
 F = Levels seen in this place.
 G = Mean time per level.
                   A        B        C        D        E       F      G
               +--------+--------+--------+--------+--------+-----+--------+
         Total |  35443 |  34115 |   1328 |  12757 |  15624 |  27 | 1312.7 |
       Dungeon |  20341 |  19570 |    771 |   6685 |   9977 |  15 | 1356.1 |
          Lair |   8730 |   8285 |    445 |   2766 |   4017 |   6 | 1455.0 |
     Snake Pit |      1 |      1 |      0 |      0 |      0 |   1 |    1.0 |
   Spider Nest |   2164 |   2137 |     27 |   1283 |    374 |   2 | 1082.0 |
  Orcish Mines |   2980 |   2897 |     83 |   1326 |    948 |   2 | 1490.0 |
        Bailey |   1225 |   1225 |      0 |    696 |    306 |   1 | 1225.0 |
               +--------+--------+--------+--------+--------+-----+--------+

Top non-repeatable levels by time:
    D:13: 2462 daAuts
  Lair:6: 2298 daAuts
    D:12: 2161 daAuts
Spider:1: 1999 daAuts
     D:9: 1992 daAuts
    D:14: 1680 daAuts
  Lair:1: 1578 daAuts
   Orc:1: 1523 daAuts
    D:10: 1513 daAuts
  Lair:4: 1462 daAuts
   Orc:2: 1456 daAuts
  Lair:2: 1355 daAuts
     D:8: 1340 daAuts
     D:1: 1301 daAuts
     D:6: 1297 daAuts
